Map: 奥古斯都之秋-天梯版

Players

kikyou

  • Race: Terran Terran

David

  • Race: Zerg Zerg

喜个毛

  • Race: Terran Terran

Raven - Winner!

  • Race: Terran Terran

电气攻城狮 - Winner!

  • Race: Terran Terran
  • League: Diamond

ChopinLegacy - Winner!

  • Race: Protoss Protoss

VOD

Have the link to the VOD?

Description

Time

  • Played on: Nov. 30, 2020, 6:51 a.m.
  • Length: 14:10
Show
View Real Time Build Order
Export as new Build Order

kikyou Terran 

Build Orders: 1/1/1 

Get SALT Encoding   

  12  0:01  SCV  
  13  0:13  SCV  
  14  0:17  Supply Depot  
  14  0:25  SCV  
  15  0:31  Refinery  
  15  0:41  Barracks  
  15  0:45  SCV  
  16  0:53  Refinery  
  16  0:59  SCV  
  17  1:11  SCV  
  18  1:23  SCV  
  19  1:29  Reaper  
  20  1:35  Factory  
  20  1:52  SCV  
  21  1:55  Supply Depot  
  21  2:02  Barracks Tech Lab  
  21  2:10  SCV  
  22  2:20  Starport  
  22  2:22  SCV  
  23  2:31  Siege Tank  
  23  2:33  Barracks Reactor  
  26  2:38  SCV  
  27  2:44  Supply Depot  
  27  2:50  SCV  
  28  3:09  Marine x2  
  30  3:25  Medivac  
  30  3:27  Marine x2  
  34  3:41  Command Center  
  34  3:47  Siege Tank, Marine x2  
  39  4:01  Supply Depot  
  39  4:22  Medivac  
  39  4:23  SCV  
  42  4:27  Siege Tank, Marine x2  
  47  4:36  Supply Depot  
  47  4:45  Supply Depot  
  47  4:52  SCV, Marine x2  
  50  5:10  Marine x2  
  52  5:25  SCV  
  51  5:37  SCV  
  51  5:49  SCV  
  52  5:50  Refinery  
  52  5:51  Refinery  
  52  6:05  Orbital Command  
  52  6:12  Barracks x2  
  52  6:13  Medivac  
  52  6:14  Barracks  
  52  6:18  Engineering Bay  
  48  6:25  SCV  
  49  6:36  Siege Tank  
  49  6:37  SCV  
  53  6:43  Medivac  
  55  6:59  SCV x2  
  57  7:06  Barracks Tech Lab, Barracks Reactor  
  57  7:11  SCV x2, Barracks Reactor  
  57  7:13  Medivac  
  61  7:23  SCV x2  
  63  7:35  SCV x2  
  63  7:43  Medivac  
  56  7:52  Stimpack  
  49  7:59  Marine x7  
  56  8:06  Orbital Command  
  56  8:13  Medivac  
  56  8:17  Marine x7  
  65  8:25  Terran Infantry Weapons Level 1  
  65  8:26  Engineering Bay  
  65  8:29  Armory  
  65  8:31  Siege Tank  
  68  8:34  Marine  
  68  8:35  Marine x3  
  72  9:03  Siege Tank  
  72  9:07  Marine x3  
  78  9:11  Marine x4  
  78  9:12  Supply Depot  
  82  9:24  Marine  
  82  9:25  Marine x2  
  82  9:29  Marine x4  
  89  9:31  Combat Shield  
  89  9:34  Supply Depot  
  89  9:35  Siege Tank  
  91  9:50  Marine x6  
  91  9:51  Marine  
  78  10:07  Marine  
  78  10:08  Siege Tank, Marine  
  68  10:40  Siege Tank  
  70  10:47  Medivac  
  70  10:48  Marine x4  
  70  10:49  Marine x3  
  77  10:53  Terran Infantry Armor Level 1  
  77  11:06  Marine x7  
  84  11:12  Siege Tank  
  84  11:14  Command Center  
  84  11:17  Medivac  
  89  11:23  Terran Infantry Weapons Level 2  
  89  11:24  Marine x7  
  96  11:41  Marine  
  96  11:42  Marine x3  
  96  11:44  Siege Tank  
  103  11:47  Medivac  
  105  12:05  Marine x4  
  109  12:13  Marine  
  109  12:14  Marine x2  
  112  12:17  Medivac  
  112  12:21  Supply Depot  
  114  12:23  Marine x4  
  118  12:31  Marine x3  
  121  12:44  Supply Depot  
  121  12:47  Medivac  
  121  13:03  Marine x2  
  121  13:04  Marine x5  
  127  13:06  Supply Depot  
  127  13:17  Medivac  
  129  13:21  Marine x7  
  136  13:29  Supply Depot  
  136  13:39  Marine  
  66  13:52  Supply Depot, Marine  
Show
View Real Time Build Order
Export as new Build Order

David Zerg 

Build Orders: Pool First 

Get SALT Encoding   

  12  0:01  Drone  
  13  0:10  Drone  
  14  0:26  Spawning Pool  
  14  0:28  Drone  
  14  0:32  Extractor  
  14  0:35  Drone  
  14  0:42  Overlord  
  14  0:50  Overlord  
  14  1:13  Zergling x4  
  14  1:14  Zergling x2  
  14  1:18  Queen  
  19  1:25  Drone  
  20  1:35  Metabolic Boost  
  20  1:38  Zergling x2  
  21  1:54  Queen  
  21  1:57  Zergling x4  
  23  2:51  Zergling x6  
  25  3:02  Queen  
  25  3:05  Hatchery  
  26  3:09  Zergling x2  
  27  3:14  Spore Crawler  
  27  3:16  Drone  
  27  3:26  Drone  
  28  3:40  Zergling x2  
  29  3:42  Lair  
  29  3:53  Extractor  
  28  4:01  Zergling x4  
  30  4:16  Drone x2  
  30  4:17  Drone  
  33  4:19  Overlord  
  33  4:22  Drone  
  34  4:24  Queen  
  36  4:37  Overlord  
  36  4:43  Drone x2  
  38  5:00  Drone x4  
  38  5:04  Drone  
  43  5:08  Drone  
  44  5:31  Spire  
  44  5:33  Drone x2  
  44  5:34  Drone  
  46  5:43  Overseer  
  46  5:45  Pneumatized Carapace  
  46  5:52  Spore Crawler  
  45  6:00  Drone x3  
  48  6:04  Drone x2  
  50  6:14  Extractor  
  50  6:17  Extractor  
  48  6:21  Drone  
  49  6:29  Drone x3  
  52  6:44  Overlord x2  
  52  6:45  Overlord  
  52  6:47  Zerg Flyer Weapons Level 1  
  52  6:53  Spire  
  51  6:57  Drone  
  52  7:05  Infestation Pit  
  51  7:24  Corruptor x4  
  51  7:25  Corruptor  
  61  7:48  Corruptor  
  61  7:49  Corruptor x2  
  67  7:56  Hive  
  67  8:00  Drone x2  
  69  8:18  Drone x3  
  72  8:22  Drone x3  
  75  8:33  Zerg Flyer Armor Level 1  
  75  8:34  Overlord  
  75  8:38  Drone  
  74  9:38  Corruptor x3  
  74  9:41  Zerg Flyer Weapons Level 2  
  80  9:49  Corruptor x2  
  84  10:16  Overlord x3  
  61  11:51  Corruptor x2  
  61  11:52  Corruptor  
  57  12:28  Corruptor x2  
  61  12:31  Corruptor x2  
  61  12:32  Hatchery  
  64  12:42  Hatchery  
  63  12:57  Corruptor x3  
  70  13:15  Corruptor x2  
  72  13:41  Hatchery  
Show
View Real Time Build Order
Export as new Build Order

喜个毛 Terran 

Build Orders:  

Get SALT Encoding   

  12  0:00  SCV  
  13  0:12  SCV  
  14  0:24  Supply Depot  
  14  0:25  SCV  
  15  0:39  Refinery  
  15  0:46  SCV  
  15  0:48  Barracks  
  16  0:58  SCV  
  16  0:59  Refinery  
  17  1:10  SCV  
  18  1:22  SCV  
  19  1:34  SCV  
  19  1:35  Supply Depot  
  20  1:42  Factory, Barracks Tech Lab  
  20  1:46  SCV  
  21  1:58  SCV  
  22  2:16  Command Center  
  22  2:33  Siege Tank  
  25  2:38  Starport  
  25  2:45  SCV  
  25  2:49  Barracks Tech Lab  
  26  3:01  SCV  
  27  3:08  Supply Depot  
  27  3:18  Orbital Command  
  27  3:22  Fusion Core  
  27  3:23  Widow Mine  
  29  3:32  Engineering Bay  
  29  3:38  Barracks Tech Lab  
  29  3:45  SCV  
  30  3:52  SCV  
  31  3:57  SCV  
  32  4:11  Battlecruiser  
  38  4:25  Starport  
  38  4:29  SCV  
  38  4:30  SCV  
  40  4:31  Missile Turret  
  40  4:41  Siege Tank, SCV  
  40  4:44  SCV  
  45  4:48  Refinery  
  45  4:50  Refinery  
  45  4:53  SCV  
  45  4:56  SCV  
  47  5:08  SCV, Supply Depot  
  48  5:21  SCV  
  49  5:33  SCV  
  47  5:45  SCV  
  48  5:51  SCV  
  48  5:54  Missile Turret  
  49  6:03  SCV  
  50  6:07  SCV  
  50  6:09  Battlecruiser  
  57  6:21  Supply Depot  
  57  6:38  Command Center  
  57  6:40  Orbital Command  
  57  6:43  Battlecruiser  
  63  6:47  Weapon Refit  
  63  7:07  SCV  
  61  7:19  SCV  
  62  7:29  SCV  
  63  7:31  SCV  
  64  7:43  SCV  
  65  7:50  Battlecruiser  
  71  7:52  Battlecruiser  
  71  7:55  SCV  
  72  8:13  Armory  
  72  8:19  Armory  
  72  8:27  Supply Depot  
  72  8:32  SCV  
  73  8:41  Starport  
  73  8:45  Refinery  
  73  8:47  Refinery  
  73  8:51  Supply Depot  
  73  8:56  Barracks Tech Lab  
  72  9:13  Battlecruiser  
  78  9:22  Command Center  
  78  9:32  Battlecruiser  
  78  9:35  Terran Vehicle And Ship Armor Level 1, Terran Ship Weapons Level 1  
  84  9:40  Supply Depot  
  84  9:43  SCV  
  85  9:51  Starport Tech Lab  
  85  9:56  Sensor Tower  
  85  9:57  Starport  
  85  10:00  Supply Depot  
  85  10:05  SCV  
  86  10:15  SCV  
  86  10:17  SCV  
  88  10:23  Battlecruiser  
  88  10:27  Refinery  
  94  10:29  SCV  
  95  10:41  Orbital Command, SCV  
  96  11:02  Battlecruiser  
  96  11:03  Battlecruiser  
  108  11:07  Supply Depot  
  108  11:19  Battlecruiser  
  108  11:48  Terran Ship Weapons Level 2, Terran Vehicle And Ship Armor Level 2  
  108  11:53  SCV  
  109  11:57  Battlecruiser  
  115  12:05  SCV  
  116  12:10  Battlecruiser  
  122  12:17  SCV  
  118  13:02  Command Center  
  118  13:26  Supply Depot  
  118  13:49  Supply Depot  
Show
View Real Time Build Order
Export as new Build Order

Raven Terran - Winner!

Build Orders: Command Center First (CC) 

Get SALT Encoding   

  12  0:00  SCV  
  13  0:12  SCV  
  14  0:21  Supply Depot  
  14  0:24  SCV  
  15  0:43  SCV  
  16  0:55  SCV  
  17  0:59  Command Center  
  17  1:07  SCV  
  18  1:15  Barracks  
  18  1:24  SCV  
  19  1:27  Barracks  
  19  1:36  SCV  
  20  1:40  Barracks  
  20  1:48  SCV  
  20  1:50  Refinery  
  21  1:55  Refinery  
  21  2:00  SCV  
  22  2:08  Marine  
  23  2:12  Orbital Command  
  23  2:17  Marine  
  24  2:27  Marine  
  24  2:29  Marine  
  26  2:34  SCV  
  26  2:35  Marine  
  28  2:38  SCV  
  29  2:45  Supply Depot, Marine  
  29  2:56  Marine  
  30  3:00  Orbital Command  
  29  3:05  Barracks Tech Lab  
  29  3:19  Marine x2  
  31  3:22  Supply Depot  
  31  3:27  Stimpack  
  31  3:35  Engineering Bay  
  31  3:36  Marine  
  31  3:38  SCV  
  33  3:47  Orbital Command  
  33  3:50  SCV  
  33  3:53  Marine x2  
  33  3:54  Marine  
  37  4:01  Factory  
  37  4:02  SCV  
  38  4:06  Terran Infantry Weapons Level 1  
  38  4:14  SCV x2  
  38  4:16  Barracks Reactor  
  40  4:20  Barracks Reactor  
  40  4:23  Refinery x2  
  40  4:26  SCV x2  
  40  4:30  Engineering Bay  
  42  4:31  Missile Turret  
  43  4:38  SCV x2  
  43  4:40  Missile Turret  
  43  4:42  Missile Turret  
  44  4:50  SCV x2  
  46  4:53  Starport  
  46  4:55  Factory Tech Lab  
  46  5:01  Marine x3  
  49  5:07  Combat Shield  
  49  5:11  Marine x2  
  51  5:15  SCV  
  51  5:19  Marine x2  
  54  5:30  Supply Depot, Marine  
  54  5:32  Marine  
  46  5:38  Marine  
  46  5:39  Marine x2  
  46  5:40  SCV  
  46  5:41  SCV  
  49  5:43  Medivac  
  49  5:46  Barracks  
  49  5:48  Marine  
  49  5:49  Terran Infantry Armor Level 1  
  52  5:50  Marine  
  52  5:56  Marine  
  54  5:58  Supply Depot  
  54  6:00  SCV  
  54  6:02  SCV  
  56  6:12  SCV  
  55  6:23  Marine x3  
  55  6:24  Medivac  
  60  6:36  SCV  
  60  6:38  SCV  
  60  6:39  Command Center  
  62  6:47  Armory  
  62  6:51  SCV x2  
  64  6:59  Supply Depot  
  64  7:01  Supply Depot  
  64  7:06  Marine x4  
  64  7:07  Medivac  
  70  7:26  Marine x3  
  70  7:27  Marine  
  70  7:29  Barracks Reactor  
  74  7:32  Barracks  
  74  7:37  Marine  
  74  7:39  Medivac  
  77  7:44  SCV, Marine x3  
  77  7:45  Terran Infantry Armor Level 2, Terran Infantry Weapons Level 2, Marine  
  77  7:50  SCV  
  83  7:52  Supply Depot  
  83  7:54  Missile Turret  
  83  7:56  Missile Turret, SCV  
  84  8:02  SCV  
  85  8:08  Sensor Tower  
  85  8:09  SCV  
  86  8:13  Marine x4  
  86  8:15  Concussive Shells  
  86  8:17  Marauder  
  92  8:20  Medivac  
  92  8:22  Barracks Reactor  
  92  8:25  Factory Tech Lab  
  94  8:27  Supply Depot  
  94  8:28  Marine  
  94  8:34  Marine x2  
  95  8:37  Supply Depot  
  95  8:39  Supply Depot  
  97  8:48  Marine x5  
  100  8:52  Marine x2  
  104  9:01  Marine  
  104  9:02  Marine  
  105  9:05  Marine  
  105  9:06  Marine x2  
  105  9:13  Factory Reactor  
  105  9:16  Marine x2  
  105  9:17  Marine  
  107  9:21  Marine x2  
  107  9:22  SCV  
  107  9:23  SCV  
  112  9:25  Orbital Command  
  112  9:33  Marine x3  
  112  9:34  Marine  
  116  9:40  Marine x3  
  116  9:44  Supply Depot  
  119  9:45  Supply Depot  
  119  9:47  Supply Depot  
  119  9:51  Refinery  
  119  9:55  Refinery  
  119  10:02  Marine x2  
  119  10:03  Marine x2  
  123  10:14  Marine x4  
  123  10:15  Marine  
  128  10:22  Marine x2  
  124  10:41  Command Center  
  123  10:44  Marine x2  
  123  10:45  Marine x3  
  123  10:49  Marine x3  
  128  11:10  Marine  
  128  11:11  Marine x4  
  131  11:12  Medivac x2  
  131  11:32  Marine x4  
  131  11:33  Marine x4  
  131  11:37  Marine  
  136  11:42  Barracks  
  136  11:50  Marine x3  
  136  11:52  Refinery  
  139  12:04  Missile Turret  
  139  12:07  Missile Turret  
  139  12:14  Marine x2  
  141  12:16  Marine  
  141  12:20  Sensor Tower  
  136  12:26  Marine x2  
  122  12:30  Marine x2  
  122  12:34  Marine x2  
  125  12:39  Marine  
  125  12:41  Barracks Reactor  
  126  13:03  Marine x2  
  128  13:13  SCV x3  
  131  13:23  Orbital Command  
  131  13:31  Missile Turret  
  131  13:41  SCV x2  
  131  13:42  SCV  
  131  13:46  Refinery  
Show
View Real Time Build Order
Export as new Build Order

电气攻城狮 Terran - Winner!

Build Orders: Command Center First (CC) 

Get SALT Encoding   

  12  0:00  SCV  
  13  0:12  SCV  
  14  0:18  Supply Depot  
  14  0:26  SCV  
  15  0:39  SCV  
  16  0:52  SCV  
  17  1:00  Command Center  
  17  1:05  SCV  
  18  1:15  Barracks  
  18  1:18  SCV  
  19  1:29  Refinery  
  19  1:31  Refinery, SCV  
  20  1:43  SCV  
  21  1:56  SCV  
  22  2:08  Orbital Command  
  22  2:09  Marine  
  23  2:18  Factory  
  23  2:31  Barracks Reactor  
  23  2:34  Orbital Command  
  23  2:44  SCV, Supply Depot  
  23  3:12  Starport  
  23  3:17  Barracks Tech Lab, Hellion x2  
  23  3:18  SCV  
  23  3:19  SCV, Supply Depot  
  29  3:31  SCV x2  
  29  3:32  Supply Depot  
  31  3:43  SCV x2  
  33  3:55  SCV, Fusion Core  
  34  3:59  Engineering Bay  
  34  4:00  Banshee  
  34  4:02  SCV  
  38  4:07  SCV  
  38  4:08  Widow Mine x2  
  43  4:14  SCV  
  44  4:18  Refinery x2  
  44  4:19  SCV  
  45  4:26  Barracks Tech Lab  
  45  4:27  SCV  
  46  4:31  SCV  
  46  4:32  Missile Turret  
  46  4:33  Missile Turret  
  46  4:38  Widow Mine x2  
  51  4:39  SCV  
  51  4:43  SCV  
  51  4:44  Supply Depot  
  53  4:48  Supply Depot  
  53  4:54  Battlecruiser  
  58  5:04  Widow Mine x2  
  62  5:18  Orbital Command  
  62  5:30  SCV  
  63  5:42  SCV  
  64  5:45  SCV  
  65  5:54  SCV  
  65  5:55  Command Center  
  65  5:56  Weapon Refit  
  62  5:57  SCV  
  62  6:09  SCV x2  
  64  6:13  Refinery x2  
  64  6:17  Battlecruiser  
  70  6:27  Supply Depot  
  70  6:28  Supply Depot  
  70  6:36  Starport  
  70  6:43  Command Center  
  68  7:04  Supply Depot  
  68  7:06  Supply Depot  
  68  7:26  Orbital Command  
  56  7:39  Battlecruiser  
  62  7:47  SCV  
  63  7:55  SCV  
  63  7:58  Orbital Command  
  64  7:59  SCV  
  64  8:04  Sensor Tower  
  65  8:07  SCV  
  65  8:11  SCV  
  68  8:20  SCV  
  68  8:23  SCV  
  68  8:26  Armory  
  69  8:29  Refinery x2  
  69  8:30  SCV  
  69  8:32  SCV  
  71  8:35  SCV  
  72  8:42  SCV  
  72  8:43  Battlecruiser  
  72  8:44  SCV  
  72  8:48  SCV  
  81  8:54  SCV  
  82  8:56  SCV  
  83  9:05  SCV  
  83  9:06  SCV  
  83  9:07  Command Center  
  85  9:18  Battlecruiser  
  85  9:38  SCV x3  
  85  9:39  Starport  
  85  9:40  Starport  
  88  9:47  Battlecruiser  
  88  9:50  SCV x2, Terran Vehicle Weapons Level 1  
  88  9:51  SCV  
  97  10:00  Missile Turret  
  97  10:01  Missile Turret  
  97  10:04  Hi-Sec Auto Tracking  
  97  10:05  SCV x3  
  100  10:17  SCV x2  
  100  10:18  SCV  
  100  10:20  Missile Turret, Starport Tech Lab  
  100  10:21  Starport Tech Lab  
  103  10:22  Battlecruiser  
  109  10:29  SCV x2  
  109  10:30  SCV  
  112  10:36  Supply Depot  
  112  10:37  Supply Depot  
  112  10:39  Orbital Command  
  112  10:47  Battlecruiser, Missile Turret  
  118  10:51  Battlecruiser  
  118  10:54  Refinery  
  124  10:57  Refinery  
  124  10:59  Supply Depot  
  124  11:01  Supply Depot  
  124  11:07  Missile Turret  
  124  11:08  SCV x3  
  124  11:10  Battlecruiser  
  133  11:24  Supply Depot  
  133  11:26  Supply Depot  
  133  11:27  Missile Turret  
  133  11:47  Missile Turret  
  133  11:48  Battlecruiser  
  133  11:51  Battlecruiser  
  145  11:59  Battlecruiser  
  145  12:18  Armory  
  145  12:47  Battlecruiser  
  145  12:48  Command Center x2  
  151  12:52  Battlecruiser  
Show
View Real Time Build Order
Export as new Build Order

ChopinLegacy Protoss - Winner!

Build Orders: Double Forge 

Get SALT Encoding   

  12  0:00  Probe  
  13  0:12  Probe  
  14  0:18  Pylon  
  14  0:24  Probe  
  15  0:36  Probe  
  15  0:38  Gateway  
  16  0:45  Assimilator  
  16  0:49  Probe  
  17  0:56  Assimilator  
  17  1:01  Probe (Chrono Boost)  
  18  1:05  Pylon  
  18  1:13  Probe (Chrono Boost)  
  19  1:19  Probe (Chrono Boost)  
  20  1:29  Cybernetics Core  
  20  1:32  Probe  
  21  1:50  Nexus  
  21  1:59  Probe  
  22  2:02  Adept (Chrono Boost)  
  24  2:16  Pylon  
  24  2:36  Pylon  
  24  2:40  Pylon  
  24  2:44  Warp Gate  
  24  2:54  Probe  
  25  2:58  Stalker (Chrono Boost)  
  27  3:06  Forge  
  27  3:07  Forge  
  27  3:13  Probe (Chrono Boost)  
  27  3:18  Probe (Chrono Boost)  
  29  3:25  Probe (Chrono Boost)  
  31  3:27  Probe (Chrono Boost)  
  31  3:32  Probe (Chrono Boost)  
  31  3:38  Protoss Ground Weapons Level 1  
  31  3:40  Protoss Ground Armor Level 1  
  32  3:45  Probe x2  
  34  3:57  Robotics Facility, Probe x2  
  36  4:09  Probe (Chrono Boost)  
  38  4:11  Pylon  
  38  4:12  Probe (Chrono Boost)  
  38  4:20  Twilight Council  
  38  4:21  Probe (Chrono Boost)  
  40  4:24  Pylon  
  40  4:25  Probe (Chrono Boost)  
  40  4:26  Probe (Chrono Boost)  
  41  4:33  Probe  
  41  4:34  Assimilator  
  41  4:36  Probe  
  41  4:37  Gateway  
  43  4:44  Gateway  
  43  4:45  Gateway  
  43  4:48  Probe x2  
  43  4:51  Assimilator  
  43  4:52  Observer  
  46  4:55  Blink (Chrono Boost)  
  46  5:00  Stalker  
  48  5:10  Probe x2  
  50  5:22  Nexus, Probe x2  
  50  5:26  Pylon  
  52  5:42  Probe x2  
  52  5:44  Immortal  
  56  5:52  Protoss Ground Armor Level 2, Protoss Ground Weapons Level 2  
  56  5:57  Stalker x2  
  56  6:00  Stalker  
  56  6:03  Stalker  
  64  6:14  Pylon  
  64  6:17  Probe x2  
  66  6:20  Templar Archives  
  66  6:22  Gateway  
  66  6:29  Probe x2  
  66  6:32  Photon Cannon  
  68  6:33  Pylon  
  68  6:41  Probe x2  
  68  6:46  Photon Cannon  
  70  6:48  Photon Cannon  
  70  6:50  Pylon  
  70  6:56  Probe  
  70  6:57  Probe  
  70  7:00  Stalker x3  
  78  7:13  Nexus  
  78  7:18  Assimilator  
  78  7:21  Stargate  
  78  7:26  Probe (Chrono Boost)  
  81  7:31  Probe x2 (Chrono Boost)  
  81  7:34  Pylon  
  81  7:35  Pylon, Probe (Chrono Boost)  
  82  7:39  Dark Shrine  
  82  7:40  Probe (Chrono Boost)  
  83  7:51  Pylon  
  83  7:52  Charge  
  83  8:06  Protoss Air Weapons Level 1 (Chrono Boost)  
  83  8:20  Pylon  
  83  8:22  Assimilator  
  83  8:27  Fleet Beacon  
  83  8:29  Probe  
  83  8:31  Probe x2  
  83  8:34  Assimilator  
  86  8:35  Probe  
  86  8:36  Assimilator  
  88  8:41  Probe  
  88  8:53  Probe  
  89  9:01  Stargate  
  89  9:02  Stargate  
  89  9:05  Stargate  
  89  9:21  Protoss Ground Weapons Level 3, Stalker, Protoss Ground Armor Level 3  
  89  9:22  Stalker x2  
  89  9:23  Stalker  
  97  9:36  Resonating Glaives  
  97  9:55  Pylon  
  97  10:07  Protoss Air Armor Level 1, Stalker x4  
  97  10:08  Stalker  
  105  10:46  Tempest x3 (Chrono Boost)  
  125  10:56  Tempest (Chrono Boost)  
  125  11:08  Gateway  
  125  11:11  Gateway  
  125  11:13  Gateway  
  125  11:16  Gateway  
  125  11:18  Flux Vanes, Unknown  
  125  11:19  Gateway  
  125  11:30  Tempest x3  
  130  12:05  Nexus  
  130  12:06  Pylon  
  130  12:12  Tempest  
  130  12:13  Tempest x2  
  145  12:16  Anion Pulse-Crystals  
  145  12:31  Gateway  
  145  12:33  Gateway  
  145  12:34  Photon Cannon  
  145  12:35  Photon Cannon  
  145  12:36  Photon Cannon  
  145  12:42  Pylon  
  145  12:44  Pylon  
  145  12:45  Zealot x10  
  163  13:08  Tempest x2  
  163  13:09  Tempest  
  163  13:12  Zealot x4  
  182  13:13  Zealot  
  182  13:18  Probe  
  182  13:19  Pylon  
  169  13:41  Zealot x3  
  169  13:42  Zealot x7  
  128  14:04  Pylon  
Tags
 
Add a new tag
Caveats
  • Supply blocks, unpowered buildings, or Contaminate may cause inaccurate times.
  • Supply counts are checked every 10 seconds.